 Dungeon Crawl Stone Soup version 0.25-a0-424-g80bd347ae0 (webtiles) character file.

Game seed: 874786747925978099, levelgen mode: deterministic

2905 Bikalo the Poker (level 9, -6/71 HPs)
             Began as a Demonspawn Fighter on Jan 23, 2020.
             Was a Believer of Makhleb.
             Mangled by a sixfirhy (9 damage)
             ... on level 7 of the Dungeon.
             The game lasted 00:16:23 (6657 turns).

Bikalo the Poker (Demonspawn Fighter)               Turns: 6657, Time: 00:16:24

Health: -6/71      AC: 12    Str: 25    XL:     9   Next: 49%
Magic:  0/18       EV: 11    Int: 10    God:    Makhleb [**....]
Gold:   324        SH:  0    Dex: 14    Spells: 8/8 levels left

rFire    + . .     SeeInvis .   C - +4 halberd (freeze)
rCold    . . .     Gourm    .   (shield currently unavailable)
rNeg     + . .     Faith    +   h - +4 moon troll leather armour {Spirit, Regen++ MP+5}
rPois    .         Spirit   +   (no helmet)
rElec    .         Reflect  .   y - +2 cloak
rCorr    .         Harm     .   z - -1 pair of gloves (curse)
MR       .....                  (no boots)
Stlth    ++........             w - amulet of faith
HPRegen  1.01/turn              l - ring of positive energy
MPRegen  0.32/turn              F - ring of protection from fire

@: mighty
A: talons 2, thin skeletal structure 1, demonic guardian 1, magic shield, magic
regeneration
a: Minor Destruction, Renounce Religion


You were on level 7 of the Dungeon.
You worshipped Makhleb.
Makhleb was pleased with you.
You were hungry.

You visited 2 branches of the dungeon, and saw 8 of its levels.

You collected 324 gold pieces.

Inventory:

Hand Weapons
 a - a +0 trident
 C - a +4 halberd of freezing (weapon)
Armour
 c - a +0 shield
 g - a +2 chain mail of poison resistance
 h - the +4 moon troll leather armour (worn) {Spirit, Regen++ MP+5}
   (You found it on level 6 of the Dungeon)

   It affects your magic capacity (+5).
   It increases your rate of regeneration.
 y - a +2 cloak (worn)
 z - a cursed -1 pair of gloves (worn)
Jewellery
 b - an uncursed ring of see invisible
 l - a ring of positive energy (left hand)
 m - an uncursed ring of magical power
 p - an uncursed amulet of the gourmand
 r - a +6 ring of intelligence
 v - an uncursed ring of fire
 w - an amulet of faith (around neck)
 E - a +2 ring of dexterity
 F - a ring of protection from fire (right hand)
Wands
 s - a wand of iceblast (19)
 B - a wand of paralysis (12)
Scrolls
 i - 4 scrolls of fear
 k - 4 scrolls of teleportation
 q - a scroll of enchant armour
 t - 9 scrolls of identify
 u - 4 scrolls of remove curse
 D - a scroll of enchant weapon {unknown}
Potions
 e - a potion of agility
 j - 2 potions of heal wounds {unknown}
 n - 2 potions of flight
 o - 2 potions of haste {unknown}
 x - a potion of cancellation {unknown}
 A - 2 potions of curing
Comestibles
 f - 13 rations


   Skills:
 + Level 6.5 Fighting
 * Level 7.6 Polearms
 + Level 5.8 Armour
 - Level 5.0 Shields
 + Level 5.7 Invocations


You had 8 spell levels left.
You didn't know any spells.
Your spell library contained the following spells:

 Spells                   Type           Power        Failure   Level  Hunger
 Infusion                 Chrm           #...         38%         1    ##.....
 Shroud of Golubria       Chrm/Tloc      #.....       54%         2    ###....
 Song of Slaying          Chrm           #.......     54%         2    ###....
 Confusing Touch          Hex            #.......     77%         3    ####...
 Gell's Gravitas          Tloc           #.........   77%         3    ####...
 Ozocubu's Armour         Chrm/Ice       #.......     77%         3    ####...
 Spectral Weapon          Hex/Chrm       #.......     77%         3    ####...
 Petrify                  Tmut/Erth      #.......     99%         4    #####..
 Metabolic Englaciation   Hex/Ice        #.........   100%        5    ######.
 Yara's Violent Unravell  Hex/Tmut       #.........   100%        5    ######.


Dungeon Overview and Level Annotations

Branches:
Dungeon (7/15)             Temple (1/1) D:4

Altars:
Ashenzari
Cheibriados
Dithmenos
Elyvilon
Gozag
Hepliaklqana
Kikubaaqudgha
Makhleb
Nemelex Xobeh
Okawaru
Qazlal
Ru
Sif Muna
Trog
Uskayaw
Wu Jian
Xom
Yredelemnul
Zin
The Shining One

Shops:
D:5 [   D:7 :


Innate Abilities, Weirdness & Mutations

You have razor-sharp toenails.
You have a somewhat thin skeletal structure. (Dex +2, Stealth)
A weak demonic guardian rushes to your aid.
When hurt, damage is shared between your health and your magic reserves.
You regenerate magic rapidly.


Message History

Your quasit closely misses the sixfirhy.
Your quasit misses the sixfirhy.
Your quasit claws the sixfirhy.
You feel very mighty all of a sudden.
Your quasit bites the sixfirhy.
Your quasit misses the sixfirhy.
Your quasit claws the sixfirhy.
Your quasit closely misses the sixfirhy. x2
Your quasit completely misses the sixfirhy.
The sixfirhy closely misses you.
You swap places.
The sixfirhy hits you but does no damage. x2
The sixfirhy hits you! The sixfirhy shocks you!
* * * LOW HITPOINT WARNING * * *
Your quasit closely misses the sixfirhy.
Your quasit misses the sixfirhy.
Your quasit claws the sixfirhy.
The sixfirhy hits you.
* * * LOW HITPOINT WARNING * * *
The sixfirhy shocks you!
* * * LOW HITPOINT WARNING * * *
The sixfirhy hits you!
You die...

#...#..#..#..#..#..#..
###...#...#...#...#...#.
#...#..†.#....#....#....#
.....#.....#.....#.....#.
#...)..#......#......#...
..#.......#.......#......
.........................
...#..##.............###
..##.##########.@.......
..##.# #3###..### .....#
#5':#..# .....# #.###.##
.....# #.....# ....##
#####.# ....# .#
#.######.. # ......)..#


You could see a sixfirhy and a friendly quasit.

Vanquished Creatures
  The ghost of TimeIsEndless the Shield-Bearer, a novice GnFi of Okawaru (D:6)
  A water moccasin (D:4)
  2 phantoms
  A black bear (D:6)
  4 ogres
  A necrophage (D:7)
  2 centaurs
  Blork the orc (D:6)
  4 bullfrogs
  A howler monkey (D:4)
  4 wights (D:6)
  A crimson imp (D:7)
  4 hounds
  A jelly (D:7)
  An iguana (D:5)
  2 orc wizards
  3 worker ants
  A killer bee zombie (D:6)
  A hound zombie (D:6)
  Robin (D:3)
  4 gnolls
  6 adders
  A shadow imp (D:6)
  4 worms
  4 dart slugs
  5 leopard geckos
  6 orcs
  6 bats
  3 giant cockroaches
  14 goblins
  6 hobgoblins
  9 jackals
  4 quokkas
  6 frilled lizards
  A jackal skeleton (D:4)
  5 kobolds
  A quokka skeleton (D:4)
  A quokka zombie (D:6)
  6 rats
129 creatures vanquished.

Vanquished Creatures (collateral kills)
  Pikel (D:5)
  Edmund (D:4)
  2 slaves (D:5)
  A sky beast (D:5)
  An orc wizard (D:4)
  4 gnolls
  A worm (D:4)
  6 orcs
  A giant cockroach (D:5)
  A hobgoblin (D:2)
  A frilled lizard (D:4)
  A quokka skeleton (D:4)
21 creatures vanquished.

Grand Total: 150 creatures vanquished

Notes
Turn   | Place    | Note
-------+----------+-------------------------------------------
     0 | D:1      | Bikalo the Demonspawn Fighter began the quest for the Orb.
     0 | D:1      | Reached XP level 1. HP: 18/18 MP: 1/1
   134 | D:1      | Reached skill level 2 in Polearms
   288 | D:1      | Gained mutation: A weak demonic guardian rushes to your
                  | aid. [demonic ancestry]
   288 | D:1      | Reached XP level 2. HP: 24/24 MP: 2/2
   588 | D:2      | Found a sacrificial altar of Ru.
   596 | D:2      | Gained mutation: When hurt, damage is shared between your
                  | health and your magic reserves. [demonic ancestry]
   596 | D:2      | Reached XP level 3. HP: 18/29 MP: 3/3
   770 | D:2      | Gained mutation: You have sharp toenails. [demonic
                  | ancestry]
   770 | D:2      | Reached XP level 4. HP: 23/35 MP: 4/4
  1172 | D:3      | Reached skill level 3 in Polearms
  1593 | D:3      | Gained mutation: You regenerate magic rapidly. [demonic
                  | ancestry]
  1593 | D:3      | Reached XP level 5. HP: 22/42 MP: 3/5
  1877 | D:3      | You fall into a shaft and drop 2 floors!
  1877 | D:5      | Entered Level 5 of the Dungeon
  1976 | D:4      | Noticed an ogre
  1984 | D:4      | Killed an ogre
  1989 | D:4      | Reached XP level 6. HP: 48/48 MP: 6/6
  1996 | D:4      | Noticed Edmund
  2037 | D:3      | HP: 3/72 [poisoned by an orc wizard]
  2044 | D:3      | HP: 3/72 [poisoned by an orc wizard]
  2052 | D:3      | HP: 3/72 [poisoned by an orc wizard]
  3232 | D:3      | Noticed Robin
  3249 | D:3      | Killed Robin
  3249 | D:3      | Reached skill level 4 in Polearms
  3482 | D:3      | Found a snail-covered altar of Cheibriados.
  3805 | D:4      | Killed Edmund
  3958 | D:4      | Found a staircase to the Ecumenical Temple.
  3969 | D:4      | Gained mutation: You have a somewhat thin skeletal
                  | structure. (Dex +2, Stealth) [demonic ancestry]
  3969 | D:4      | Reached XP level 7. HP: 55/55 MP: 7/7
  3985 | Temple   | Entered the Ecumenical Temple
  4136 | Temple   | Became a worshipper of Makhleb the Destroyer
  4182 | D:4      | Reached skill level 1 in Invocations
  4250 | D:4      | Reached skill level 5 in Polearms
  4502 | D:5      | Noticed Pikel
  4585 | D:5      | Killed Pikel
  4585 | D:5      | Reached skill level 5 in Fighting
  4585 | D:5      | Gained mutation: You have razor-sharp toenails. [demonic
                  | ancestry]
  4585 | D:5      | Reached XP level 8. HP: 50/62 MP: 8/10
  4847 | D:5      | Reached * piety under Makhleb
  4900 | D:5      | Found a stormy altar of Qazlal.
  4907 | D:5      | Found a glowing golden altar of the Shining One.
  4912 | D:5      | Found a shimmering altar of Xom.
  4919 | D:5      | Found a bloodstained altar of Trog.
  4926 | D:5      | Found a hide-covered altar of Uskayaw.
  4933 | D:5      | Found a shadowy altar of Dithmenos.
  4938 | D:5      | Found a sparkling altar of Nemelex Xobeh.
  5050 | D:5      | Found Juinopn's Armour Boutique.
  5361 | D:6      | Noticed Blork the orc
  5370 | D:6      | Killed Blork the orc
  5370 | D:6      | Reached skill level 6 in Polearms
  5444 | D:6      | Reached skill level 5 in Armour
  5486 | D:6      | Reached skill level 5 in Shields
  5582 | D:6      | Found the +4 moon troll leather armour {Spirit, Regen++
                  | MP+5}
  5732 | D:6      | Found a runed translucent gate.
  5732 | D:6      | Found a runed translucent gate.
  5732 | D:6      | Found a runed translucent gate.
  5733 | D:6      | Noticed TimeIsEndless's ghost (novice GnFi)
  5747 | D:6      | Killed TimeIsEndless's ghost
  5747 | D:6      | Reached skill level 7 in Polearms
  5747 | D:6      | Reached XP level 9. HP: 48/69 MP: 12/12
  5881 | D:6      | Reached skill level 5 in Invocations
  6070 | D:6      | Found a white marble altar of Elyvilon.
  6197 | D:6      | Found a basalt altar of Yredelemnul.
  6264 | D:7      | Found a shadowy altar of Dithmenos.
  6347 | D:7      | Reached ** piety under Makhleb
  6532 | D:7      | Found Jiluataa's Book Shoppe.
  6628 | D:7      | Found a runed translucent door.
  6628 | D:7      | Noticed a sixfirhy
  6656 | D:7      | HP: 2/71 [sixfirhy (10)]
  6657 | D:7      | Mangled by a sixfirhy

Levels and vault maps discovered:
D:1:      ncdulo_wetmaze, layout_rooms
D:2:      layout_basic, nicolae_ru_great_annihilating_truth
D:3:      layout_loops_cross, marbit_many_paths, minmay_bisected, uniq_robin
D:4:      layout_rooms, minmay_temple_entry_hall,
          hangedman_abyss_or_decor_lesser_grid, uniq_edmund
D:5:      layout_basic, grunt_temple_overflow_octagram, first_ration,
          serial_shops, kennysheep_mini_moat, uniq_pikel
D:6:      layout_loops_ring, kennysheep_ying_yang, ebering_ghost_rock_garden,
          uniq_blork_the_orc
D:7:      cheibrodos_shockbox, layout_loops_ring, fedhas_ov_isle_minmay,
          basic_altar, serial_shops, kennysheep_mini, minmay_increasing_density
Temple:   chequers_temple_sunken

Skill      XL: |  1  2  3  4  5  6  7  8  9 |
---------------+----------------------------+-----
Polearms       | 2 3 4 5 7 |  7.6
Armour         | 3 4 5 |  5.8
Shields        | 3 4 5 |  5.0
Fighting       | 4 5 6 |  6.5
Invocations    | 2 4 5 |  5.7

Action                   |  1- 3 |  4- 6 |  7- 9 || total
-------------------------+-------+-------+-------++-------
Melee: Trident           |   108 |   177 |   145 ||   430
       Kick              |       |    45 |    64 ||   109
       Halberd           |       |       |    67 ||    67
  Use: Scroll            |     1 |     1 |     5 ||     7
       Potion            |       |     3 |     3 ||     6
 Stab: Distracted        |       |     2 |     2 ||     4
       Sleeping          |       |       |     1 ||     1
  Eat: Chunk             |     1 |     5 |     9 ||    15
       Ration            |       |     1 |       ||     1
Armor: Scale mail        |    41 |    19 |       ||    60
       Ring mail         |       |    31 |       ||    31
       Chain mail        |       |     3 |    69 ||    72
       Troll leather arm |       |       |    21 ||    21
Dodge: Dodged            |    27 |    64 |    59 ||   150
Block: Shield            |    37 |    65 |    75 ||   177

Table legend:
 A = Non-vault XP
 B = Vault XP
 C = Vault XP percentage of total XP
 D = Non-vault monster count
 E = Vault monster count
 F = Vault count percentage of total count
                 A         B        C        D         E       F
            +---------+---------+-------+---------+---------+-------
      Total |    2579 |    1572 |  37.9 |     126 |      22 |  14.9
            +---------+---------+-------+---------+---------+-------
        D:1 |      21 |       0 |   0.0 |      14 |       0 |   0.0
        D:2 |      64 |      45 |  41.3 |      19 |       4 |  17.4
        D:3 |     124 |      37 |  23.0 |      24 |      12 |  33.3
        D:4 |     670 |     123 |  15.5 |      29 |       1 |   3.3
        D:5 |     304 |     549 |  64.4 |      17 |       1 |   5.6
        D:6 |     939 |     640 |  40.5 |      16 |       2 |  11.1
        D:7 |     457 |     178 |  28.0 |       7 |       2 |  22.2
            +---------+---------+-------+---------+---------+-------
